 Dungeon Crawl Stone Soup version 0.27-a0-445-gbe96e517c0 (webtiles) character file.

Game seed: 13217573907528487795

32016 Chiseanne the Fighter (level 13, -9/107 (113) HPs)
             Began as a Demonspawn Wanderer on Feb 27, 2021.
             Was an Initiate of Gozag.
             Killed from afar by a necromancer (36 damage)
             ... with a bolt of negative energy
             ... on level 13 of the Dungeon.
             The game lasted 00:28:19 (16142 turns).

Chiseanne the Fighter (Demonspawn Wanderer)        Turns: 16142, Time: 00:28:20

HP:   -9/107 (113)  AC: 44    Str: 14    XL:     13   Next: 29%
MP:   13/13         EV:  9    Int: 17    God:    Gozag
Gold: 1467          SH: 14    Dex: 17    Spells: 12/12 levels left

rFire    + . .     SeeInvis +   D - +2 trident of Hiusimoz {flame, rF+ Int+4 SInv}
rCold    + + .     Faith    .   W - +2 kite shield of the Turtledove {rC+ rCorr}
rNeg     . . .     Spirit   .   I - +27 Lear's hauberk
rPois    .         Reflect  .   (helmet currently unavailable)
rElec    .         Harm     .   X - +0 cloak
rCorr    +         Rampage  .   (gloves currently unavailable)
Will     .....                  (boots currently unavailable)
Stlth    ..........             (no amulet)
HPRegen  0.27/turn              l - +4 ring of slaying
MPRegen  0.13/turn              T - ring of protection from cold

@: gold aura, drained
A: molten scales 2, ignite blood 2, spiny 2
a: Renounce Religion, Potion Petition, Call Merchant, Bribe Branch


You were on level 13 of the Dungeon.
You worshipped Gozag.
Gozag was most pleased with you.
You visited 2 branches of the dungeon, and saw 14 of its levels.
You also visited: Ice Cave.

You collected 4091 gold pieces.
You spent 2578 gold pieces at shops.
You paid 46 gold pieces to Gozag.

Inventory:

Hand Weapons
 a - a +3 war axe of freezing
 v - the +3 long sword "Suvear" {protect, Will+ Str+6 Int-3}
   (You found it on level 4 of the Dungeon)

   It grants its wielder temporary protection when it strikes (+7 to AC).
   It affects your strength (+6).
   It affects your intelligence (-3).
   It affects your willpower, your defense against some magical effects.
 w - a +4 hunting sling of freezing
 D - the +2 trident of Hiusimoz (weapon) {flame, rF+ Int+4 SInv}
   (You found it on level 7 of the Dungeon)

   It has been specially enchanted to burn those struck by it, causing extra
   injury to most foes and up to half again as much damage against particularly
   susceptible opponents.
   It affects your intelligence (+4).
   It protects you from fire.
   It lets you see invisible.
 U - a +4 scimitar of flaming
Missiles
 p - 4 boomerangs (quivered)
 B - 123 sling bullets
 O - 2 throwing nets
 Y - a curare-tipped dart
Armour
 I - the +27 Lear's hauberk (worn)
   (You found it on level 7 of the Dungeon)
 W - the +2 kite shield of the Turtledove (worn) {rC+ rCorr}
   (You bought it in a shop on level 9 of the Dungeon)

   It protects you from cold.
   It provides partial protection from all sources of acid and corrosion.
 X - a +0 cloak (worn)
Jewellery
 c - a +6 ring of strength
 e - the ring "Etonum" {*Corrode rPois rF++ MP+9 SInv}
   (You found it on level 10 of the Dungeon)

   [ring of see invisible]

   It greatly protects you from fire.
   It protects you from poison.
   It affects your magic capacity (+9).
   It lets you see invisible.
   It may corrode you when you take damage.
 k - the ring of Secrets {+Blink rF+ rCorr Slay+3}
   (You bought it in a shop on level 10 of the Dungeon)

   [ring of resist corrosion]

   It affects your accuracy and damage with ranged weapons and melee attacks
   (+3).
   It protects you from fire.
   It lets you blink.
   It provides partial protection from all sources of acid and corrosion.
 l - a +4 ring of slaying (left hand)
 m - a ring of see invisible
 y - a ring of positive energy
 C - a ring of flight
 T - a ring of protection from cold (right hand)
Wands
 h - a wand of mindburst (36)
 A - a wand of iceblast (7)
 G - a wand of digging (6)
 K - a wand of flame (29)
 M - a wand of charming (10)
 P - a wand of paralysis (10)
Scrolls
 b - 2 scrolls of magic mapping
 f - 10 scrolls of teleportation
 j - a scroll of blinking
 n - a scroll of enchant armour
 r - a scroll of enchant weapon
 S - 8 scrolls of identify
 V - a scroll of immolation
 Z - 2 scrolls of amnesia
Potions
 d - 2 potions of magic
 g - 3 potions of haste
 i - 15 potions of curing
 o - a potion of mutation
 q - 4 potions of cancellation
 u - a potion of heal wounds
 z - a potion of berserk rage
 E - 2 potions of invisibility
 F - 7 potions of flight
 J - a potion of might
 L - 3 potions of attraction
 N - a potion of heal wounds
 Q - 2 potions of mutation
 R - 2 potions of brilliance
Miscellaneous
 s - a lightning rod (4/4)


   Skills:
 - Level 14.2 Fighting
 - Level 2.6(3.0) Axes
 - Level 1.7(2.5) Maces & Flails
 * Level 12.9 Armour
 - Level 6.5 Dodging
 - Level 1.0 Stealth
 * Level 10.9 Shields


You had 12 spell levels left.
You didn't know any spells.
Your spell library contained the following spells:

 Spells                   Type           Power        Failure   Level
 Animate Skeleton         Necr           0%           99%         1
 Apportation              Tloc           0%           99%         1
 Corona                   Hex            0%           99%         1
 Freeze                   Ice            0%           99%         1
 Magic Dart               Conj           0%           99%         1
 Shock                    Conj/Air       0%           99%         1
 Summon Small Mammal      Summ           0%           99%         1
 Blink                    Tloc           N/A          100%        2
 Call Imp                 Summ           0%           100%        2
 Ensorcelled Hibernation  Hex/Ice        0%           100%        2
 Slow                     Hex            0%           100%        2
 Swiftness                Air            0%           100%        2
 Call Canine Familiar     Summ           0%           100%        3
 Confusing Touch          Hex            0%           100%        3
 Conjure Flame            Conj/Fire      0%           100%        3
 Frozen Ramparts          Ice            0%           100%        3
 Gell's Gravitas          Tloc           0%           100%        3
 Mephitic Cloud           Conj/Pois/Air  0%           100%        3
 Ozocubu's Armour         Ice            0%           100%        3
 Static Discharge         Conj/Air       0%           100%        3
 Summon Guardian Golem    Hex/Summ       0%           100%        3
 Airstrike                Air            0%           100%        4
 Hailstorm                Conj/Ice       0%           100%        4
 Ice Form                 Ice/Tmut       0%           100%        4
 Petrify                  Tmut/Erth      0%           100%        4
 Summon Ice Beast         Ice/Summ       0%           100%        4
 Summon Lightning Spire   Summ/Air       0%           100%        4
 Lightning Bolt           Conj/Air       0%           100%        5
 Metabolic Englaciation   Hex/Ice        0%           100%        5
 Yara's Violent Unravell  Hex/Tmut       0%           100%        5
 Freezing Cloud           Conj/Ice/Air   0%           100%        6
 Simulacrum               Ice/Necr       0%           100%        6
 Ozocubu's Refrigeration  Ice            0%           100%        7


Dungeon Overview and Level Annotations

Branches:
Dungeon (13/15)            Temple (1/1) D:4            Lair (0/6) D:9
    Orc (0/2) D:10         Vaults (0/5) D:13          IceCv (visited)

Altars:
Ashenzari
Cheibriados
Dithmenos
Elyvilon
Gozag
Hepliaklqana
Makhleb
Nemelex Xobeh
Okawaru
Qazlal
Ru
Vehumet
Wu Jian
Xom
Yredelemnul
The Shining One
Beogh

Shops:
D:5 !   D:7 !   D:9 [   D:10 =   D:11 ?

Annotations:
D:4 2 runed translucent doors, epen's ghost, amateur PaFE


Innate Abilities, Weirdness & Mutations

You are mostly covered in molten scales. (AC +3)
Your demonic aura often causes spilled blood to erupt in flames You are mostly covered in sharp spines.


Message History

The necromancer is heavily wounded.
The necromancer is engulfed in blazing flames.
The necromancer points at you and mumbles some strange words.
You easily resist.
The necromancer is engulfed in blazing flames.
You kill the necromancer!
A freezing mist starts to gather...
A necromancer simulacrum comes into view.
You close the door, pushing everything out of the way.
Things that are here:
7 gold pieces; a +0 robe The +3 long sword "Suvear" {protect, Will+ Str+6 Int-3} goes still.
Your +4 scimitar of flaming bursts into flame!
U - a +4 scimitar of flaming (weapon)
The necromancer simulacrum hits you but does no damage.
Something unseen opens the door.
You slash the necromancer simulacrum!
You melt the necromancer simulacrum.
The necromancer simulacrum is heavily damaged.
You block the necromancer simulacrum's attack.
You barely miss the necromancer simulacrum.
The necromancer simulacrum is heavily damaged.
Something hits you but does no damage.
You block the necromancer simulacrum's attack.
You slash the necromancer simulacrum!
You melt the necromancer simulacrum!
The necromancer simulacrum vapourises!
Something hits you but does no damage. x2
Your +4 scimitar of flaming stops flaming.
Reactivating autopickup.
You feel clever.
The +2 trident of Hiusimoz {flame, rF+ Int+4 SInv} bursts into flame!
D - the +2 trident of Hiusimoz (weapon)
{flame, rF+ Int+4 SInv} You miss the necromancer.
The necromancer is almost dead.
The necromancer casts a spell at you.
Your body is wracked with pain!
* * * LOW HITPOINT WARNING * * *
The necromancer points at you and mumbles some strange words.
The bolt of negative energy hits you!!!
You feel drained.
You die...
Your body crumbles into a pile of gold.

....##### #.....#.............)..
..........#######................
.......... ....................
.......... #########...........##
.......... #.......#...........#
......#### #...∩...#####>......#
......# #...)...#...#.......#
......# #####p####...#.......#
......# #.....@......'.#####.#
......# #.............#.# .#
......# #.............#.# .#
#.#+#######...#.# .. #####.# #
... ### $


You could see a necromancer (invisible).

Vanquished Creatures
  A frost giant (IceCv)
  2 boulder beetles
  2 centaur warriors (D:13)
  Erica (D:8)
  A death yak (IceCv)
  A wizard (D:10)
  A necromancer (D:13)
  A manticore (D:12)
  5 ugly things
  2 centaur zombies
  An ice statue (IceCv)
  Joseph (D:9)
  A cane toad (shapeshifter) (D:13)
  2 gargoyles
  An efreet (D:8)
  Grinder (D:3)
  A troll (D:13)
  10 polar bears (IceCv)
  A hornet (D:8)
  3 slime creatures (D:13)
  A shadow (D:12)
  5 large abominations (D:10)
  2 wyverns
  2 wraiths (D:10)
  A vampire (D:12)
  36 yaks
  Eustachio (D:6)
  2 basilisks
  3 vampire mosquitoes (D:12)
  Edmund (D:5)
  An acid dragon (D:11)
  7 small abominations (D:10)
  2 water moccasins
  4 orc warriors
  6 sky beasts
  3 ogres (D:4)
  A black bear (D:8)
  2 necrophages (D:9)
  15 wolves (IceCv)
  7 centaurs
  2 phantoms
  3 kobold brigands
  14 bullfrogs
  A gnoll sergeant (D:8)
  A wyvern skeleton (D:9)
  2 water moccasin skeletons
  7 scorpions
  8 killer bees
  12 wights
  9 howler monkeys
  2 bullfrog zombies
  2 quasits
  3 centaur skeletons
  7 orc priests
  4 bullfrog skeletons
  8 hounds
  3 iguanas
  Jessica (D:2)
  Natasha (thrice) (D:3)
  9 orc wizards
  9 worker ants
  4 hound skeletons
  Robin (D:3)
  3 gnolls (D:8)
  A howler monkey skeleton (D:7)
  9 adders
  A shadow imp (D:4)
  3 white imps
  3 ufetubi
  2 oozes
  2 adder zombies
  2 adder skeletons
  2 worms
  A dart slug (D:2)
  9 leopard geckos
  48 orcs
  8 giant cockroaches
  17 goblins
  7 hobgoblins
  3 jackals (D:8)
  26 kobolds
  2 quokkas
  6 bats
  7 frilled lizards
  A leopard gecko skeleton (D:5)
  A leopard gecko zombie (D:5)
  A quokka skeleton (D:5)
  6 rats
427 creatures vanquished.

Vanquished Creatures (collateral kills)
  An orc (D:6)
1 creature vanquished.

Vanquished Creatures (others)
  2 polar bears (IceCv)
  A yak (IceCv)
  2 wolves (IceCv)
  An orc priest (D:6)
6 creatures vanquished.

Grand Total: 434 creatures vanquished

Notes
Turn   | Place    | Note
-------+----------+-------------------------------------------
     0 | D:1      | Chiseanne the Demonspawn Wanderer began the quest for the
                  | Orb.
     0 | D:1      | Chiseanne set off with the following items: a +2 hand axe,
                  | 2 potions of lignification, a +0 robe
     0 | D:1      | Reached XP level 1. HP: 16/16 MP: 1/1
   654 | D:1      | Reached skill level 1 in Dodging
   654 | D:1      | Gained mutation: Your demonic aura sometimes causes spilled
                  | blood to erupt in flames [demonic ancestry]
   654 | D:1      | Reached XP level 2. HP: 18/23 MP: 2/2
  1212 | D:1      | Reached XP level 3. HP: 28/28 MP: 3/3
  1746 | D:2      | Reached skill level 3 in Fighting
  1948 | D:2      | Noticed Jessica
  1951 | D:2      | Killed Jessica
  1952 | D:2      | Reached XP level 4. HP: 22/35 MP: 4/4
  2297 | D:2      | Found a shimmering altar of Xom.
  2701 | D:3      | Found a broken altar of Ashenzari.
  3057 | D:3      | Noticed Robin
  3071 | D:3      | Reached XP level 5. HP: 33/41 MP: 5/5
  3073 | D:3      | Killed Robin
  3378 | D:3      | Noticed Grinder
  3382 | D:3      | Paralysed by Grinder for 3 turns
  3393 | D:3      | Killed Grinder
  3394 | D:3      | Reached skill level 4 in Fighting
  3394 | D:3      | Reached XP level 6. HP: 6/49 MP: 6/6
  3884 | D:3      | Noticed Natasha
  3893 | D:3      | Killed Natasha
  3935 | D:3      | Noticed Natasha
  3941 | D:3      | Killed Natasha
  3983 | D:3      | Noticed Natasha
  3990 | D:3      | Killed Natasha
  4138 | D:4      | Gained mutation: Your demonic aura often causes spilled
                  | blood to erupt in flames [demonic ancestry]
  4138 | D:4      | Reached XP level 7. HP: 55/55 MP: 7/7
  4150 | D:4      | Identified the +3 long sword "Suvear" {protect, Will+ Str+6
                  | Int-3}
  4234 | D:4      | Reached skill level 5 in Fighting
  4359 | D:4      | Found a staircase to the Ecumenical Temple.
  4381 | Temple   | Entered the Ecumenical Temple
  4510 | Temple   | Became a worshipper of Gozag Ym Sagoz the Greedy
  4898 | D:4      | Found a runed translucent door.
  5015 | D:4      | Gained mutation: You are partially covered in sharp spines.
                  | [demonic ancestry]
  5015 | D:4      | Reached XP level 8. HP: 60/64 MP: 8/8
  5100 | D:4      | Noticed epen's ghost (amateur PaFE)
  5134 | D:4      | Found a runed translucent door.
  5273 | D:5      | Entered Level 5 of the Dungeon
  5277 | D:5      | Reached skill level 5 in Dodging
  5287 | D:5      | Reached skill level 6 in Fighting
  5326 | D:5      | Reached skill level 5 in Armour
  5483 | D:5      | Found Roehaz's Distillery.
  5486 | D:5      | Bought 2 potions of curing for 66 gold pieces
  5486 | D:5      | Bought a potion of curing for 33 gold pieces
  5486 | D:5      | Bought a potion of degeneration for 11 gold pieces
  5486 | D:5      | Bought a potion of invisibility for 88 gold pieces
  5486 | D:5      | Bought a potion of flight for 33 gold pieces
  5486 | D:5      | Bought a potion of flight for 33 gold pieces
  5486 | D:5      | Bought a potion of curing for 33 gold pieces
  5594 | D:5      | Found a sparkling altar of Nemelex Xobeh.
  5830 | D:5      | Noticed Edmund
  5833 | D:5      | Identified the +1 leather armour of Limitation {Rampage
                  | SInv}
  5840 | D:5      | Killed Edmund
  6344 | D:6      | Noticed Eustachio
  6350 | D:6      | Killed Eustachio
  6351 | D:6      | Reached skill level 7 in Fighting
  6373 | D:6      | Reached XP level 9. HP: 72/72 MP: 9/9
  6443 | D:6      | Found a radiant altar of Vehumet.
  7485 | D:6      | Identified a scroll of acquirement
  7485 | D:6      | Acquired a manual of Fighting
  7534 | D:7      | Found the +27 Lear's hauberk
  7565 | D:7      | Found Peheoli's Distillery.
  7574 | D:7      | Bought a potion of might for 48 gold pieces
  7574 | D:7      | Bought a potion of attraction for 36 gold pieces
  7574 | D:7      | Bought a potion of heal wounds for 60 gold pieces
  7574 | D:7      | Bought 2 potions of mutation for 192 gold pieces
  7574 | D:7      | Bought a potion of brilliance for 48 gold pieces
  7610 | D:7      | Reached skill level 8 in Fighting
  7671 | D:7      | Reached skill level 9 in Fighting
  8030 | D:7      | Reached skill level 10 in Fighting
  8167 | D:7      | Identified the +2 trident of Hiusimoz {flame, rF+ Int+4
                  | SInv}
  8456 | D:8      | Reached skill level 11 in Fighting
  8645 | D:8      | Reached skill level 12 in Fighting
  8788 | D:8      | Noticed Erica
  8809 | D:8      | Killed Erica
  8810 | D:8      | Reached skill level 13 in Fighting
  8810 | D:8      | Gained mutation: You are mostly covered in sharp spines.
                  | [demonic ancestry]
  8810 | D:8      | Reached XP level 10. HP: 88/92 MP: 10/10
  8875 | D:8      | Found a runed translucent door.
  8957 | D:8      | Found a runed translucent door.
  9447 | D:8      | Paralysed by a hornet for 1 turns
  9499 | D:8      | Reached skill level 14 in Fighting
  9874 | D:9      | Found Juuj's Armour Boutique.
  9896 | D:9      | Bought the +2 kite shield of the Turtledove {rC+ rCorr} for
                  | 511 gold pieces
  9941 | D:9      | Noticed Joseph
  9953 | D:9      | Killed Joseph
 10257 | D:9      | Found a sparkling altar of Nemelex Xobeh.
 10370 | D:9      | Found a staircase to the Lair.
 10405 | D:9      | Gained mutation: You are partially covered in molten
                  | scales. (AC +2) [demonic ancestry]
 10405 | D:9      | Reached XP level 11. HP: 100/100 MP: 11/11
 10609 | D:9      | Found a glowing golden altar of the Shining One.
 10879 | D:5      | Bought a potion of cancellation for 88 gold pieces
 10937 | D:7      | Bought a potion of cancellation for 96 gold pieces
 10937 | D:7      | Bought a potion of cancellation for 96 gold pieces
 10937 | D:7      | Bought a potion of invisibility for 96 gold pieces
 10992 | D:10     | Entered Level 10 of the Dungeon
 11307 | D:10     | Noticed a wizard
 11311 | D:10     | Killed a wizard
 11317 | D:10     | Noticed a large abomination
 11333 | D:10     | Reached skill level 5 in Shields
 11535 | D:10     | Killed a large abomination
 11688 | D:10     | Noticed a large abomination
 11696 | D:10     | Killed a large abomination
 11857 | D:10     | Identified the ring "Etonum" {*Corrode rPois rF++ MP+9
                  | SInv}
 11948 | D:10     | Identified the +6 hand axe of Jesur {antimagic, *Rage
                  | Int+5}
 12016 | D:10     | Found Ageemimo's Jewellery Boutique.
 12237 | D:10     | Found a staircase to the Orcish Mines.
 12307 | D:10     | Reached skill level 10 in Armour
 12609 | D:10     | Found a roughly hewn altar of Beogh.
 12757 | D:10     | Bought the ring of Secrets {+Blink rF+ rCorr Slay+3} for
                  | 696 gold pieces
 12796 | D:11     | Noticed a red ugly thing
 12802 | D:11     | Killed a red ugly thing
 13073 | D:11     | Noticed a purple ugly thing
 13087 | D:11     | Killed a purple ugly thing
 13088 | D:11     | Reached XP level 12. HP: 98/107 MP: 12/12
 13103 | D:11     | Noticed a boulder beetle
 13118 | D:11     | Killed a boulder beetle
 13142 | D:11     | Found Pouch's Magic Scroll Shop.
 13249 | D:11     | Bought a scroll of magic mapping for 59 gold pieces
 13249 | D:11     | Bought a scroll of teleportation for 51 gold pieces
 13249 | D:11     | Bought a scroll of teleportation for 51 gold pieces
 13249 | D:11     | Bought a scroll of teleportation for 51 gold pieces
 13249 | D:11     | Bought a scroll of teleportation for 51 gold pieces
 13249 | D:11     | Bought a scroll of teleportation for 51 gold pieces
 13985 | D:12     | Noticed a boulder beetle
 14018 | D:12     | Killed a boulder beetle
 14472 | D:12     | Identified the +4 quarterstaff of Xeoz Na Ner {vorpal,
                  | Str+2}
 14707 | D:13     | Found a frozen archway.
 14728 | D:13     | Noticed a centaur warrior
 14738 | D:13     | Killed a centaur warrior
 14760 | IceCv    | Entered an ice cave
 15381 | IceCv    | Reached skill level 10 in Shields
 15470 | IceCv    | Noticed a death yak
 15487 | IceCv    | Killed a death yak
 15510 | IceCv    | Gained mutation: You are mostly covered in molten scales.
                  | (AC +3) [demonic ancestry]
 15510 | IceCv    | Reached XP level 13. HP: 90/113 MP: 13/13
 15639 | IceCv    | Noticed a frost giant
 15659 | IceCv    | Killed a frost giant
 15732 | IceCv    | Identified Sif Muna's Compendium of Cold
 16125 | D:13     | Found a gate to the Vaults.
 16142 | D:13     | Killed from afar by a necromancer

Illustrated notes

Levels and vault maps discovered:
D:1:      psy_arrival_conway, layout_basic, minmay_pentomino_s4
D:2:      layout_loops_corners, tgw_xom, uniq_jessica
D:3:      layout_loops_corners, cheibrodos_ashenzari_chains, uniq_grinder,
          uniq_robin, uniq_natasha
D:4:      minmay_skewed_foursquare, layout_basic, minmay_temple_entry_slanted,
          ebering_ghost_sewer_f, grunt_ministairs_1, st_stairs_3
D:5:      layout_loops_ring, serial_shops, kennysheep_mini,
          nemelex_spade_bored_becter, uniq_edmund
D:6:      layout_basic, vehumet_altar_wand_db, uniq_eustachio
D:7:      layout_basic, serial_shops, nicolae_shop_trees,
          chequers_serial_rivers_large_a
D:8:      cheibrodos_histonic, layout_basic, glass_columns_a, uniq_erica
D:9:      layout_loops_corners, old_standard_altar, lair_entry_dummy,
          serial_shops, shop, nemelex_lonely_heart_becter, uniq_joseph
D:10:     layout_basic, minmay_orc_entry_temple_small, serial_shops, shop,
          minivault_11, laboratory
D:11:     layout_gridville, serial_shops, shop
D:12:     layout_loops_ring
D:13:     cheibrodos_ideogram_h, layout_irregular_city, david_vaults_1,
          portal_ice_cave_entry_pillars_1, uniq_frances
Temple:   minmay_crystal_snake_temple

Skill      XL: |  1  2  3  4  5  6  7  8  9 10 11 12 |
---------------+-------------------------------------+-----
Dodging        | 1 2 3 4 6 |  6.5
Fighting       | 3 4 5 7 13 14 | 14.2
Armour         | 2 3 4 6 8 10 12 | 12.9
Shields        | 3 7 10 | 10.9
Axes           | |  2.6
Maces & Flails | |  1.7
Stealth        | |  1.0

Action                   |  1- 3 |  4- 6 |  7- 9 | 10-12 | 13-15 || total
-------------------------+-------+-------+-------+-------+-------++-------
Melee: Hand axe          |    96 |    87 |     3 |       |       ||   186
       Dagger            |       |    25 |       |       |       ||    25
       Long sword        |       |       |   190 |   477 |    39 ||   706
       Scimitar          |       |       |       |    90 |    22 ||   112
       Trident           |       |       |       |       |     1 ||     1
Throw: Boomerang         |       |    11 |    20 |       |       ||    31
       Dart              |       |       |     5 |     4 |       ||     9
Evoke: Wand              |       |       |     3 |       |       ||     3
  Use: Scroll            |     3 |     2 |     8 |     2 |       ||    15
       Potion            |       |     2 |       |     1 |     3 ||     6
 Stab: Sleeping          |       |       |     5 |       |       ||     5
       Distracted        |       |       |     2 |     3 |       ||     5
Armor: Robe              |     7 |       |       |       |       ||     7
       Ring mail         |    28 |    38 |    31 |       |       ||    97
       Leather armour    |       |       |    34 |       |       ||    34
       Chain mail        |       |       |    25 |   333 |    36 ||   394
Dodge: Dodged            |    67 |    59 |   149 |   206 |    19 ||   500
Block: Kite shield       |       |       |     5 |   427 |    51 ||   483
       Rpst.: Long sword |       |       |    39 |    47 |     7 ||    93
       Scimitar          |       |       |       |     9 |     2 ||    11

Table legend: (Time is in decaauts)
 A = Elapsed time spent in this place.
 B = Non-inter-level travel time spent in this place.
 C = Inter-level travel time spent in this place.
 D = Time resting spent in this place.
 E = Time spent auto-exploring this place.
 F = Levels seen in this place.
 G = Mean time per level.
                   A        B        C        D        E       F      G
               +--------+--------+--------+--------+--------+-----+--------+
         Total |  16632 |  16038 |    594 |   1665 |  11310 |  15 | 1108.8 |
       Dungeon |  15304 |  14722 |    582 |   1329 |  10718 |  13 | 1177.2 |
        Temple |    141 |    129 |     12 |      0 |    122 |   1 |  141.0 |
      Ice Cave |   1186 |   1186 |      0 |    335 |    470 |   1 | 1186.0 |
               +--------+--------+--------+--------+--------+-----+--------+

Top non-repeatable levels by time:
    D:10: 1880 daAuts
     D:8: 1402 daAuts
     D:3: 1398 daAuts
     D:2: 1389 daAuts
     D:1: 1289 daAuts
     D:6: 1217 daAuts
   IceCv: 1186 daAuts
     D:9: 1183 daAuts
     D:5: 1168 daAuts
    D:11: 1145 daAuts
     D:4: 1110 daAuts
     D:7: 936 daAuts
    D:12: 817 daAuts
    D:13: 363 daAuts
  Temple: 141 daAuts
